← All builds
Geo / Cortex / Economy first / OBSERVED BUILD

Incisor raid

Geo detours through a Vehicle Plant to send Incisors raiding from under 7 minutes, well before the role's usual T2 push, before transitioning back into normal T2 supply.

#raid #rush · 19 distinct matches · 10 players · 5% of Cortex Geo games · team won 42% of 19 · Recently observed

THE CATCH, AND WHAT COMES WITH IT
  • IncisorT1 vehicle raid from 6:48 · 9% of role by thenFrom the Vehicle Plant. Only 9% of Geo games have it by then; others who build it get it around 7:17
  • IncisorIncisor in 68%6% of all Geo games by then
  • PrudePrude in 47%15% of all Geo games by then

Started with Incisor (89%), Blitz (5%), Rascal (5%).

Where those units first fight, in 19 games with kill data: in the middle 53%, on their own side 42%, in the enemy base 5%.

Those units destroy a typical 3,699 metal of enemy units by 15:00.

HOW TO PLAY IT

Key timing: Vehicle Plant by 6:39, Incisor raid from 6:48

  1. Open bot lab and standard mex/wind as normal for Geo.
  2. Rush geo early to fund the vehicle transition.
  3. Build a vehicle plant instead of going straight to T2.
  4. Push Incisor raiders into the enemy economy before T2 units.
  5. Fold back into Sheldon and Sumo T2 units for front.

Phase by phase

TYPICAL OF ITS 19 GAMES · AGAINST STANDARD GEO
  1. 1
  2. 2
  3. 3
  4. 4
PLAY THE OPENING

Follow the example game's first 7:48 step by step: what to build now, what comes next, and where it goes. At 1× it keeps pace with your own game.

  1. 1

    Up to the Bot Lab

    Economy
    • Metal Extractor3Mex
    • Wind Turbine4Wind+2 vs standard
    Order
    1. Bot LabBot Lab after 3 mex, 4 winddone ~1:06, middle half 0:57–1:27

    By 0:49 in all: 3 mex · 4 wind (standard 2)

    The example game in this phase · 3 steps
    1. Mex ×2
    2. Wind ×4
    3. Bot LabBot Labdone 0:57 · typical 1:06
  2. 2

    Bot Lab to 5:00

    Economy
    • Metal Extractor2Mex
    • Wind Turbine3Wind−2 vs standard
    • Energy Converter8Converter
    • Energy Storage1Energy storage
    Order
    1. Geothermal PowerplantGeo after 4 mex, 6 wind, 1 energy storage
    Builders
    • Construction Turret5 Con turret
    • Graverobber4 Graverobber
    • Construction Bot2 Con bot
    • Construction Bot1 Con bot for allies
    • Graverobber1 Graverobber for allies

    By 5:00 in all: 4 mex · 6 wind · 1 geo · 8 converter · 1 energy storage · 5 con turret

    The example game in this phase · 22 steps
    1. Wind
    2. GraverobberGraverobber ×2
    3. Wind ×2
    4. Construction BotCon bot
    5. GraverobberGraverobberfor Beach sea
    6. Construction BotCon botfor Beach sea
    7. Mex
    8. GraverobberGraverobber ×3
    9. Energy storage
    10. GraverobberGraverobber
    11. Mex
    12. Construction BotCon bot
    13. Geothermal PowerplantGeodone 3:14 · typical 3:20
    14. Con turret ×4
    15. Converter ×11
    16. Wind ×2
    17. Con turret
    18. Wind
    19. Con turret
    20. Wind ×4
    21. Energy storage
    22. Metal storage
  3. 3

    5:00 to T1 vehicle raid

    Order
    1. Vehicle PlantVehicle Plant after 10 wind, 11 converter, 7 con turretin 79% of games
    2. IncisorT1 vehicle raid after 9 wind, 9 converter, 6 con turret

    Some games also: converter (42%) · con turret (42%) · wind (37%)

    The standard build makes here, this one skips: 2 converter

    By 6:42 in all: 4 mex · 9 wind · 1 geo · 9 converter (standard 12) · 1 energy storage · 6 con turret

    The example game in this phase · 10 steps
    1. Con turretfor Beach sea
    2. Advanced Metal ExtractorT2 mex ×4done 5:31 · typical 5:48
    3. PrudePrudedone 7:07
    4. Wind ×7
    5. Con turret
    6. Vehicle PlantVehicle Plant ×2done 7:16 · typical 6:42
    7. Bot LabBot Labdone 7:31
    8. Con turret
    9. Construction VehicleCon vehicle ×2
    10. IncisorIncisordone 7:35
  4. 4

    T1 vehicle raid to 10:00

    Builders
    • Construction Turret1 Con turret
    Army
    • Incisor21 Incisor +21 vs standard

    Some games also: converter (47%) · wind (42%) · incisor for allies (32%) · con vehicle (32%)

    The standard build makes here, this one skips: 4 converter

    By 10:00 in all: 4 mex · 12 wind · 1 geo · 14 converter · 1 energy storage · 7 con turret

    The example game in this phase · 242 steps
    1. IncisorIncisor
    2. GruntGrunt
    3. IncisorIncisor
    4. GruntGrunt
    5. IncisorIncisor
    6. GruntGrunt
    7. IncisorIncisor
    8. Wind
    9. IncisorIncisor
    10. GruntGrunt
    11. IncisorIncisor
    12. GruntGrunt
    13. IncisorIncisor
    14. GruntGrunt
    15. IncisorIncisor
    16. GruntGrunt
    17. Converter
    18. Wind
    19. IncisorIncisor
    20. GruntGrunt
    21. IncisorIncisor
    22. GruntGrunt
    23. Wind
    24. IncisorIncisor ×2
    25. GruntGrunt
    26. Converter
    27. GraverobberGraverobber
    28. IncisorIncisor ×2
    29. GruntGrunt
    30. IncisorIncisor
    31. Con turret
    32. IncisorIncisor
    33. GruntGrunt
    34. IncisorIncisor
    35. GruntGrunt
    36. IncisorIncisor
    37. GruntGrunt
    38. IncisorIncisor
    39. Wind
    40. IncisorIncisor
    41. Converter
    42. GruntGrunt
    43. IncisorIncisor
    44. GruntGrunt ×2
    45. IncisorIncisor ×2
    46. GruntGrunt ×2
    47. IncisorIncisor ×2
    48. GruntGrunt
    49. IncisorIncisor
    50. Converter
    51. IncisorIncisor
    52. GraverobberGraverobber
    53. IncisorIncisor
    54. GruntGrunt
    55. Wind
    56. GruntGrunt
    57. IncisorIncisor
    58. Aircraft PlantAircraft Plant ×2done 8:46
    59. Converter
    60. ValiantValiant ×3
    61. Wind
    62. ValiantValiant ×2
    63. Converter
    64. ValiantValiant ×7
    65. Converter
    66. ValiantValiant ×2
    67. Wind
    68. ValiantValiant ×2
    69. Converter
    70. ValiantValiant ×7
    71. Converter
    72. ValiantValiant
    73. Wind
    74. ValiantValiant ×2
    75. WhirlwindWhirlwind ×2
    76. Wind
    77. WhirlwindWhirlwind ×7
    78. Wind
    79. WhirlwindWhirlwind ×2
    80. Con turretfor Beach sea
    81. WhirlwindWhirlwind ×2
    82. Con turret
    83. WhirlwindWhirlwind ×4
    84. Wind
    85. WhirlwindWhirlwind ×2
    86. Con turretfor Beach sea
    87. WhirlwindWhirlwind ×2
    88. ValiantValiant ×2
    89. Con turret
    90. ValiantValiant ×2
    91. Wind
    92. ValiantValiant ×6
    93. Con turret ×2
    94. ValiantValiant ×10
    95. Wind
    96. ValiantValiant ×11
    97. Con turret
    98. ValiantValiant ×3
    99. Wind
    100. ValiantValiant ×10
    101. Construction AircraftCon aircraft ×2
    102. Wind
    103. Construction AircraftCon aircraft ×4
    104. Wind
    105. Construction AircraftCon aircraft
    106. Con turret
    107. Construction AircraftCon aircraft
    108. Wind
    109. ShurikenShuriken ×4
    110. Wind
    111. ShurikenShuriken
    112. Wind
    113. ShurikenShuriken ×2
    114. Wind
    115. ShurikenShuriken
    116. Con turret
    117. Wind
    118. ShurikenShuriken ×2
    119. Wind ×2
    120. ShurikenShuriken ×3
    121. Wind
    122. ShurikenShuriken
    123. Wind
    124. ShurikenShuriken ×2
    125. Wind
    126. ShurikenShuriken
    127. Wind ×3
    128. ShurikenShuriken ×2
    129. Wind ×2
    130. Con turret
    131. ShurikenShuriken ×2
    132. Wind
    133. ShurikenShuriken
    134. Wind
    135. ShurikenShuriken
    136. Wind ×3
    137. ShurikenShuriken
    138. Wind
    139. ShurikenShuriken
    140. Wind
    141. Construction AircraftCon aircraft
    142. Wind
    143. ShurikenShuriken
    144. Wind ×2
    145. ShurikenShuriken ×2
    146. Wind ×3
    147. ShurikenShuriken
    148. Wind
    149. Converter
    150. ShurikenShuriken
    151. Wind
    152. ShurikenShuriken
    153. Wind ×2
    154. ShurikenShuriken
    155. Converter
    156. ShurikenShuriken
    157. Wind ×2
    158. ShurikenShuriken
    159. Wind ×3
    160. ShurikenShuriken ×3
    161. Wind ×2
    162. ShurikenShuriken
    163. Wind ×3
    164. ShurikenShuriken ×2
    165. Wind ×5
    166. ShurikenShuriken ×2
    167. Wind
    168. ShurikenShuriken
    169. Wind ×2
    170. ShurikenShuriken ×2
    171. Wind ×2
    172. ShurikenShuriken
    173. Wind ×2
    174. ShurikenShuriken ×2
    175. Wind ×3
    176. Converter
    177. Wind
    178. ShurikenShuriken ×2
    179. Wind
    180. ShurikenShuriken
    181. Wind ×2
    182. ValiantValiant ×2
    183. Wind ×2
    184. Converter
    185. Wind ×2
    186. ValiantValiant ×2
    187. Wind ×3
    188. Converter
    189. Wind ×3
    190. Vehicle PlantVehicle Plantdone 13:50
    191. Wind ×2
    192. Converter
    193. Vehicle PlantVehicle Plantdone 13:53
    194. Wind ×6
    195. GuardGuard ×2
    196. Wind ×3
    197. Twin GuardTwin Guard
    198. IncisorIncisor
    199. Wind ×3
    200. IncisorIncisor
    201. Wind
    202. IncisorIncisor
    203. Wind
    204. IncisorIncisor
    205. Wind
    206. IncisorIncisor
    207. Wind ×3
    208. IncisorIncisor
    209. Wind
    210. IncisorIncisor
    211. Wind ×3
    212. Converter
    213. IncisorIncisor ×2
    214. Converter
    215. Wind ×2
    216. IncisorIncisor
    217. Con turret
    218. Wind
    219. IncisorIncisor
    220. Converter
    221. Wind
    222. IncisorIncisor
    223. Wind
    224. Converter
    225. IncisorIncisor
    226. Wind
    227. IncisorIncisor
    228. Wind
    229. Converter
    230. IncisorIncisor ×2
    231. Wind
    232. IncisorIncisor
    233. Wind ×3
    234. IncisorIncisor
    235. Converter
    236. IncisorIncisor
    237. Advanced Bot LabAdvanced Bot Labnot finished by 15:00
    238. Wind ×2
    239. Converter
    240. Wind ×3
    241. Converter
    242. Wind ×2

Counts are medians over the build's games: half of them build more, half fewer. The example game is UsurpeR's (47 OS, 13/09/2026); pick another.

Team trades

IN AT LEAST 30% OF ITS GAMES

You hand over

  • Graverobber1 Graverobber to Beach sea or Suicide frontfirst at 2:13 · in 95% of games
  • Construction Bot1 Con bot to Beach seafirst at 2:50 · in 79% of games
  • Incisor13 Incisor to Pond or Suicide front or Frontfirst at 8:32 · in 37% of games
  • Construction Turret2 Con turret to Suicide front or Beach sea or Geo seafirst at 10:01 · in 32% of games

You get

  • Advanced Construction Bot1 T2 con bot from Techfirst at 4:45 · in 100% of games
  • Hercules1 Light transport from Air or Techfirst at 5:09 · in 42% of games

How it plays out

Typical game of this build against the role’s standard build, running totals by minute

  • This build
  • Standard geo

Metal produced

020k40k
0:005:0010:0015:00

metal

Enemy metal destroyed

05k10k
0:005:0010:0015:00

metal

Own metal lost

05k10k
0:005:0010:0015:00

metal

19 games.

Show as table
ByMetal produced: This buildMetal produced: Standard geoEnemy metal destroyed: This buildEnemy metal destroyed: Standard geoOwn metal lost: This buildOwn metal lost: Standard geo
1:003333350000
2:008288590000
3:00146214970000
4:00247426620000
5:00360237560000
6:00556256740000
7:0076297986001300
8:00105201103426003600
9:00141361408012653191074
10:00167931692225303342290258
11:001964419769309112553386720
12:0022707226484379249942041538
13:0025543255126757431643252629
14:0028976284978559600358354360
15:0032509317479541826484566299
WHAT THE NUMBERS SAY

Lost more often than the standard build, destroying more but also losing far more metal by 15:00.

  • + Destroys more enemy metal by 10:00 and 15:00 than standard.
  • + Catch units alone chew through a typical 3644 metal by 15:00.
  • − Own metal lost more than triples the standard build by 10:00.
  • − Team win rate drops well below the role's standard.
THE EXAMPLE YOU ARE READING

UsurpeR

46.8 OS · 13/09/2026

Open source match ↗

2 received units · includes a constructor
4817 metal received · 190638 energy received

Allied construction assistance is unknown. Timings are observations, not a promise of solo reproducibility.

Typical milestones

Bot Lab1:06Middle 50%: 0:57–1:27 · n=19
Geothermal Powerplant3:20Middle 50%: 3:11–3:58 · n=19
Advanced Metal Extractor5:48Middle 50%: 5:30–6:10 · n=19
Vehicle Plant6:42Middle 50%: 5:57–7:17 · n=18

Played most by

Amrissa4games of this buildUsurpeR4games of this buildzeus_on_god3games of this buildViltrum2games of this builddarkstar231game of this build